 Dungeon Crawl Stone Soup version 0.22-a0-433-gd2a9cce (webtiles) character file.

222 suicidejoker the Slasher (level 5, -9/32 HPs)
             Began as a Gargoyle Gladiator on May 27, 2018.
             Mangled by a gnoll
             ... wielding a +2 halberd of venom
              (12 damage)
             ... on level 3 of the Dungeon.
             The game lasted 00:03:07 (2589 turns).

suicidejoker the Slasher (Gargoyle Gladiator)       Turns: 2589, Time: 00:03:08

Health: -9/32      AC:  9    Str: 17    XL:     5   Next: 99%
Magic:  5/5        EV: 13    Int:  9    God:
Gold:   107        SH:  0    Dex: 12    Spells: 4/4 levels left

rFire    . . .     SeeInvis .   a - +0 long sword
rCold    . . .     Gourm    .   (no shield)
rNeg     + . .     Faith    .   b - +0 leather armour
rPois    ∞         Spirit   .   c - +0 helmet
rElec    +         Reflect  .   (no cloak)
rCorr    .         Harm     .   (no gloves)
MR       .....                  k - +0 pair of boots
Stlth    ++........             (no amulet)
HPRegen  0.10/turn              (no ring)
MPRegen  0.09/turn              (no ring)

@: no status effects
A: negative energy resistance 1, electricity resistance, unbreathing,
petrification resistance, rot immunity, AC +4
a: no special abilities


You were on level 3 of the Dungeon.
You were hungry.

You visited 1 branch of the dungeon, and saw 3 of its levels.

You collected 107 gold pieces.

Inventory:

Hand Weapons
 a - a +0 long sword (weapon)
Missiles
 d - 2 throwing nets (quivered)
 e - 35 bolts
 i - 11 poisoned needles
Armour
 b - a +0 leather armour (worn)
 c - a +0 helmet (worn)
 k - a +0 pair of boots (worn)
Scrolls
 g - a scroll of magic mapping {unknown}
 h - a scroll of remove curse
 j - 4 scrolls of teleportation
 l - a scroll of identify {unknown}
 m - a scroll of enchant weapon {unknown}
Comestibles
 f - 6 rations


   Skills:
 + Level 3.1 Fighting
 * Level 3.8 Long Blades
 - Level 1.7 Throwing
 + Level 2.0 Armour
 * Level 3.5 Dodging
 + Level 2.1 Stealth


You had 4 spell levels left.
You didn't know any spells.
Your spell library contained the following spells:

 Spells                   Type           Power        Failure   Level  Hunger
 Confuse                  Hex            #.......     82%         3    ####...
 Confusing Touch          Hex            #.....       43%         1    ##.....
 Metabolic Englaciation   Hex/Ice        #.........   100%        5    ######.
 Petrify                  Tmut/Erth      #.......     99%         4    #####..
 Gell's Gravitas          Tloc           #.........   82%         3    ####...
 Yara's Violent Unravell  Hex/Tmut       #.........   100%        5    ######.


Dungeon Overview and Level Annotations

Branches:
Dungeon (3/15)

Altars:


Innate Abilities, Weirdness & Mutations

You are resistant to torment.
Your stone body is resilient. (AC +4)
You are immune to poison.
You resist negative energy. (rN+)
You are resistant to electric shocks. (rElec)
You can survive without breathing.
You are immune to petrification.
You are immune to rotting.


Message History

You are too injured to fight recklessly!
You are too injured to fight recklessly!
You are too injured to fight recklessly!
Unknown command.
You barely miss the gnoll. The gnoll closely misses you.
The gnoll hits you with a flail!
* * * LOW HITPOINT WARNING * * *
You aren't carrying any potions.
Okay, then.
Okay, then.
Throwing (i - inventory)
d - 3 throwing nets (quivered)
Press: ? - help, Shift-Dir - straight line, f - gnoll
Aim: a gnoll, wielding a flail You throw a throwing net.
The throwing net barely misses the gnoll.
The throwing net hits the gnoll.
The gnoll is caught in the net!
The gnoll is lightly wounded.
The gnoll struggles against the net.
The gnoll hits you from afar with a halberd of venom!
You die...

#..........#
#.#####.#####.####
#. #.##..........#
#. #.##.#........#
# #.##
#.##.#..#######
#.#....##.......#
...#..........#
#.####.##.##.#
...#.#.....g..g@..#
.(..g.)..!..##.##.#
.............g.##.#
####.######.......#
.. ######### ##


You could see 3 gnolls.

Vanquished Creatures
  Terence (D:2)
  Natasha (thrice) (D:2)
  2 gnolls
  5 adders (D:2)
  A worm (D:2)
  2 dart slugs (D:1)
  A leopard gecko (D:1)
  4 giant cockroaches
  2 goblins
  7 hobgoblins
  3 jackals (D:1)
  6 kobolds
  A quokka (D:2)
  8 bats
  5 frilled lizards
  7 rats
58 creatures vanquished.

Notes
Turn   | Place    | Note
-------+----------+-------------------------------------------
     0 | D:1      | suicidejoker the Gargoyle Gladiator began the quest for the Orb.
     0 | D:1      | Reached XP level 1. HP: 12/12 MP: 1/1
    90 | D:1      | Reached XP level 2. HP: 6/17 MP: 2/2
   484 | D:1      | Reached XP level 3. HP: 22/22 MP: 3/3
   606 | D:1      | Reached skill level 1 in Stealth
  1030 | D:1      | Reached skill level 1 in Armour
  1332 | D:2      | Noticed Natasha
  1439 | D:2      | Reached XP level 4. HP: 19/27 MP: 4/4
  1702 | D:2      | Noticed Terence
  1704 | D:2      | Killed Natasha
  1712 | D:2      | Killed Terence
  1712 | D:2      | Reached XP level 5. HP: 27/32 MP: 5/5
  2171 | D:2      | Noticed Natasha
  2182 | D:2      | Killed Natasha
  2509 | D:2      | Noticed Natasha
  2520 | D:2      | Killed Natasha
  2589 | D:3      | Mangled by a gnoll

Vault maps used:
D:1:      dpeg_arrival_rhombus
D:2:      uniq_natasha, uniq_terence
D:3:      lemuel_crystal_altar, lexackson_kobold_supper

Skill      XL: |  1  2  3  4  5 |
---------------+----------------+-----
Long Blades    | 3 |  3.8
Stealth        | 1 2 |  2.1
Armour         | 1 2 |  2.0
Dodging        | 3 |  3.5
Fighting       | 3 |  3.1
Throwing       | |  1.7

Action                   |  1- 3 |  4- 6 || total
-------------------------+-------+-------++-------
Melee: Long sword        |   100 |   120 ||   220
Throw: Throwing net      |       |     1 ||     1
  Use: Scroll            |     3 |       ||     3
       Potion            |     3 |       ||     3
 Stab: Sleeping          |       |     2 ||     2
  Eat: Chunk             |     1 |     4 ||     5
Armor: Leather armour    |    52 |    57 ||   109
Dodge: Dodged            |    68 |    95 ||   163
       Rpst.: Long sword |    25 |    34 ||    59

Table legend:
 A = Spawn XP
 B = Non-spawn XP
 C = Spawn XP percentage of total XP
 D = Spawn monster count
 E = Non-spawn monster count
 F = Spawn count percentage of total count
 G = Total turns spent on level
                    A         B        C        D         E        F      G
               +---------+---------+-------+---------+---------+-------+---------
         Total |       0 |     318 |   0.0 |       0 |      58 |   0.0 |  2589
               +---------+---------+-------+---------+---------+-------+---------
           D:1 |       0 |      61 |   0.0 |       0 |      27 |   0.0 |  1243
           D:2 |       0 |     242 |   0.0 |       0 |      29 |   0.0 |  1282
           D:3 |       0 |      15 |   0.0 |       0 |       2 |   0.0 |    64
               +---------+---------+-------+---------+---------+-------+---------
